 Dungeon Crawl Stone Soup version 0.17.2-1-ge4368a0 (webtiles) character file.

16 Goblin1989 the Changer (level 2, -1/18 HPs)
             Began as an Octopode Transmuter on May 23, 2018.
             Slain by a gnoll (8 damage)
             ... on level 1 of the Dungeon.
             The game lasted 00:04:51 (579 turns).

Goblin1989 the Changer (Octopode Transmuter)         Turns: 579, Time: 00:04:51

Health: -1/18      AC:  1    Str:  9    XL:     2   Next: 54%
Magic:  4/5        EV: 12    Int: 15    God:
Gold:   74         SH:  0    Dex: 12    Spells: 1 memorised, 4 levels left

rFire  . . .     SeeInvis .       - Unarmed
rCold  . . .     Clarity  .     (no shield)
rNeg   . . .     SustAt   .     (helmet restricted)
rPois  .         Gourm    .     (no amulet)
rElec  .         Spirit   .     (no ring)
rCorr  .         Warding  .     (no ring)
rMut   .         Stasis   .     (no ring)
MR     .....                    (no ring)
Stlth  ++........               (no ring)
                                (no ring)
                                (no ring)
                                (no ring)

@: appendage (expiring), not resistant to hostile enchantments, unstealthy
A: almost no armour, amphibious, 8 rings, constrict 8, tentacle spike 3,
camouflage 1, gelatinous body 1
a: End Transformation


You were on level 1 of the Dungeon.
You were not hungry.
One of your tentacles had a temporary spike.
You visited 1 branch of the dungeon, and saw 1 of its levels.

You collected 74 gold pieces.

Inventory:

Missiles
 a - 12 arrows
Scrolls
 c - 2 scrolls of remove curse {unknown}
 d - a scroll of random uselessness {unknown}
 g - a scroll of blinking {unknown}
 h - a scroll of teleportation {unknown}
Potions
 f - a potion of agility {unknown}
 k - a potion of invisibility {unknown}
Books
 b - a book of Changes

   Spells                             Type                      Level
   a - Beastly Appendage              Transmutation                1
   b - Sticks to Snakes               Transmutation                2
   c - Spider Form                    Transmutation/Poison         3
   d - Ice Form                       Ice/Transmutation            4
   e - Blade Hands                    Transmutation                5
Comestibles
 e - a bread ration {@e1}
 i - a meat ration {@e2}
 j - 2 chunks of flesh


   Skills:
 - Level 1.0 Fighting
 - Level 2.0 Dodging
 - Level 3.0 Unarmed Combat
 - Level 2.0 Spellcasting
 + Level 3.1 Transmutations


You had 4 spell levels left.
You knew the following spells:

 Your Spells              Type           Power        Failure   Level  Hunger
a - Beastly Appendage     Trmt           ##....       8%          1    #......


Dungeon Overview and Level Annotations

Branches:
Dungeon (1/15)

Altars:


Innate Abilities, Weirdness & Mutations

You cannot wear most types of armour.
You are amphibious.
You can wear up to eight rings at the same time.
You can use your tentacles to constrict eight enemies at once.
Your skin changes colour to match your surroundings (Stealth).
Your rubbery body absorbs attacks (AC +1).
One of your tentacles bears a large vicious spike.


Message History

The jackal is almost dead.
You constrict the jackal.
You kill the jackal!
You tentacle-slap the jackal. You grab the jackal.
You pierce the jackal, but do no damage.
The jackal is heavily wounded.
You constrict the jackal, but do no damage.
The jackal bites you. The jackal barely misses you.
You take 2 damage, and have 11/18 hp.
You tentacle-slap the jackal. x2
You kill the jackal!
Your Transmutations skill increases to level 3!
The jackal closely misses you.
You tentacle-slap the jackal. You grab the jackal.
The jackal is heavily wounded.
You constrict the jackal, but do no damage.
The jackal barely misses you.
You tentacle-slap the jackal.
You kill the jackal!
You tentacle-slap the jackal.
You kill the jackal!
Your transformation is almost over.
Things that are here:
a jackal corpse x2
MP restored: 5
Things that are here:
a jackal corpse x2
You butcher the jackal corpse.
j - a chunk of flesh
Things that are here:
a jackal skeleton; a jackal corpse You butcher the jackal corpse.
j - 2 chunks of flesh (gained 1)
You see here a jackal skeleton.
Your tentacle spike disappears.
You now have 74 gold pieces (gained 12).
You open the door.
There is an open door here.
You open the door.
There is an open door here.
You open the door.
A kobold comes into view.
You regained 6 hp, and now have 17/18 hp.
Unknown command.
There is an open door here.
You barely miss the kobold. You grab the kobold.
You constrict the kobold, but do no damage.
The kobold closely misses you.
You tentacle-slap the kobold but do no damage.
You constrict the kobold, but do no damage.
The kobold barely misses you.
You tentacle-slap the kobold.
You kill the kobold!
No target in view!
No target in view!
No target in view!
No target in view!
No target in view!
No target in view!
No target in view!
No target in view!
No target in view!
No target in view!
No target in view!
No target in view!
No target in view!
No target in view!
No target in view!
No target in view!
No target in view!
k - a silvery potion You open the door.
There is an open door here.
HP restored.
There is a stone staircase leading down here.
A gnoll comes into view.
Health restored: 18 Unknown command.
Casting: Beastly Appendage
Confirm with . or Enter, or press ? or * to list all spells.
One of your tentacles grows a vicious spike.
You now have 4/5 mp.
Your transformation is almost over.
The gnoll shouts!
The gnoll hits you!
You take 8 damage, and have 10/18 hp.
O_OOPS!!
MASSIVE DAMAGE!!
You are too injured to fight recklessly!
You are too injured to fight recklessly!
You are too injured to fight recklessly!
You are too injured to fight recklessly!
You are too injured to fight recklessly!
Unknown command.
You tentacle-slap the gnoll but do no damage.
You grab the gnoll. You constrict the gnoll. The gnoll hits you.
* * * LOW HITPOINT WARNING * * *
You take 3 damage, and have 7/18 hp.
You tentacle-slap the gnoll but do no damage.
The gnoll is lightly wounded.
You constrict the gnoll. The gnoll hits you!
You die... ███ █.. █.█ ██████████ █.█ █........█ █g█

..█.█.██.█ █@█
.██.█.██.█ █.█
██....██.█ █.█
█)█.█∆██.█ █.█
..█......█ █.█
..█......█ █.█
..█......███████.█
..█..............█
.██.██████████████


You could see a gnoll.

Vanquished Creatures
  2 bats (D:1)
  A hobgoblin (D:1)
  4 jackals (D:1)
  6 kobolds (D:1)
  A rat (D:1)
14 creatures vanquished.

Notes
Turn   | Place    | Note
--------------------------------------------------------------
     0 | D:1      | Goblin1989 the Octopode Transmuter began the quest for the Orb.
     0 | D:1      | Reached XP level 1. HP: 13/13 MP: 3/3
   186 | D:1      | Reached XP level 2. HP: 16/18 MP: 5/5
   579 | D:1      | Slain by a gnoll

Action                   || total
-------------------------++-------
Melee: Unarmed           ||    36
 Cast: Beastly Appendage ||     2

Vault maps used:
D:1:      tarquinn_simple_flora_water_f, minmay_parallelograms
